Workbook

Sheet Resumo Polo II
B1: GRUPO 02 / POLO II
G3: =B1 -> GRUPO 02 / POLO II
G4: ITEM | H4: CATSER | I4: ESPECIFICAÇÃO | N4: VALOR MENSAL | P4: VALOR 36 MESES
G5: 6 | H5: 23507 | I5: Posto de vigilância diurno, escala 44 horas semanais de segunda a sexta-feira envolvendo 1 vigilante, para Gerências Executivas Guarulhos e Vale do Paraíba, e unidades subordinadas | N5: =F34+F57 -> 0 | P5: =N5*36 -> 0
G6: 7 | H6: 23647 | I6: Posto de vigilância diurno, escala 12x36 horas de segunda-feira a domingo envolvendo 2 vigilantes, para Gerências Executivas Guarulhos e Vale do Paraíba, e unidades subordinadas | N6: =I34+I57 -> 0 | P6: =N6*36 -> 0
G7: 8 | H7: 23957 | I7: Posto de vigilância noturno, escala 12x36 horas de segunda-feira a domingo envolvendo 2 vigilantes, para Gerências Executivas Guarulhos e Vale do Paraíba, e unidades subordinadas | N7: =L34+L57 -> 0 | P7: =N7*36 -> 0
G8: 9 | H8: 23507 | I8: Hora eventual diurna, para Gerências Executivas Guarulhos e Vale do Paraíba, e unidades subordinadas | N8: =O34+O57 -> 0 | P8: =N8*36 -> 0
G9: 10 | H9: 23957 | I9: Hora eventual noturna, para Gerências Executivas Guarulhos e Vale do Paraíba, e unidades subordinadas | N9: =R34+R57 -> 0 | P9: =N9*36 -> 0
G10: VALOR TOTAL MENSAL | N10: =SUM(N5:N9) -> 0
G11: VALOR TOTAL GLOBAL 36 MESES | N11: =SUM(P5:Q9) -> 0
G14: DIVISÃO POR GERÊNCIAS POLO II
G15: GERÊNCIA EXECUTIVA | J15: VALOR MENSAL | N15: ESCALA DE TRABALHO | R15: QUANTIDADE DE POSTOS
G16: =B23 -> GERÊNCIA EXECUTIVA GUARULHOS | J16: =S34 -> 0 | N16: 44 horas semanais de segunda a sexta-feira | R16: =D34+D57 -> 62
G17: =B37 -> GERÊNCIA EXECUTIVA VALE DO PARAÍBA | J17: =S57 -> 0 | N17: 12x36 horas diurnas de segunda-feira a domingo | R17: =G34+G57 -> 6
G18: VALOR GLOBAL MENSAL | J18: =SUM(J16:J17) -> 0 | N18: 12x36 horas noturnas de segunda-feira a domingo | R18: =J34+J57 -> 2
G19: VALOR GLOBAL 36 MESES | J19: =J18*36 -> 0
N20: HORAS EVENTUAIS | R20: QUANTIDADE DE HORAS
N21: horas eventuais diurnas | R21: =M34+M57 -> 106
N22: horas eventuais noturnas | R22: =P34+P57 -> 14
B23: GERÊNCIA EXECUTIVA GUARULHOS
B24: UNIDADES | C24: ISS% | D24: 44 HORAS | G24: 12 x 36 DIURNO | J24: 12 x 36 NOTURNO | M24: HORA EVENTUAL DIURNA | P24: HORA EVENTUAL NOTURNA | S24: VALOR MENSAL
D25: QUANT. | E25: VALOR UNIT. MENSAL | F25: VALOR MENSAL | G25: QUANT. | H25: VALOR UNIT. MENSAL | I25: VALOR MENSAL | J25: QUANT. | K25: VALOR UNIT. MENSAL | L25: VALOR MENSAL | M25: QUANT. | N25: VALOR DA HORA | O25: VALOR MENSAL | P25: QUANT. | Q25: VALOR DA HORA | R25: VALOR MENSAL
B26: AGÊNCIA DA PREVIDÊNCIA SOCIAL ARUJÁ | C26: 0.05 | D26: 2 | E26: =VLOOKUP($C26,'Memória de Cálculo 3'!$B$2:$E$11,2, ) -> 0 | F26: =D26*E26 -> 0 | G26: 0 | H26: =VLOOKUP($C26,'Memória de Cálculo 3'!$B$2:$E$11,3, ) -> 0 | I26: =G26*H26 -> 0 | J26: 0 | K26: =VLOOKUP($C26,'Memória de Cálculo 3'!$B$2:$E$11,4, ) -> 0 | L26: =J26*K26 -> 0 | M26: 4 | N26: =VLOOKUP($C26,'Memória de Cálculo 3'!$B$2:$G$11,5, ) -> 0 | O26: =M26*N26 -> 0 | P26: 0 | Q26: =VLOOKUP($C26,'Memória de Cálculo 3'!$B$2:$G$11,6, ) -> 0 | R26: =P26*Q26 -> 0 | S26: =F26+I26+L26+O26+R26 -> 0
B27: AGÊNCIA DA PREVIDÊNCIA SOCIAL BIRITIBA-MIRIM | C27: 0.05 | D27: 1 | E27: =VLOOKUP($C27,'Memória de Cálculo 3'!$B$2:$E$11,2, ) -> 0 | F27: =D27*E27 -> 0 | G27: 0 | H27: =VLOOKUP($C27,'Memória de Cálculo 3'!$B$2:$E$11,3, ) -> 0 | I27: =G27*H27 -> 0 | J27: 0 | K27: =VLOOKUP($C27,'Memória de Cálculo 3'!$B$2:$E$11,4, ) -> 0 | L27: =J27*K27 -> 0 | M27: 4 | N27: =VLOOKUP($C27,'Memória de Cálculo 3'!$B$2:$G$11,5, ) -> 0 | O27: =M27*N27 -> 0 | P27: 0 | Q27: =VLOOKUP($C27,'Memória de Cálculo 3'!$B$2:$G$11,6, ) -> 0 | R27: =P27*Q27 -> 0 | S27: =F27+I27+L27+O27+R27 -> 0
B28: AGÊNCIA DA PREVIDÊNCIA SOCIAL GUARULHOS | C28: 0.05 | D28: 5 | E28: =VLOOKUP($C28,'Memória de Cálculo 3'!$B$2:$E$11,2, ) -> 0 | F28: =D28*E28 -> 0 | G28: 1 | H28: =VLOOKUP($C28,'Memória de Cálculo 3'!$B$2:$E$11,3, ) -> 0 | I28: =G28*H28 -> 0 | J28: 0 | K28: =VLOOKUP($C28,'Memória de Cálculo 3'!$B$2:$E$11,4, ) -> 0 | L28: =J28*K28 -> 0 | M28: 4 | N28: =VLOOKUP($C28,'Memória de Cálculo 3'!$B$2:$G$11,5, ) -> 0 | O28: =M28*N28 -> 0 | Q28: =VLOOKUP($C28,'Memória de Cálculo 3'!$B$2:$G$11,6, ) -> 0 | R28: =P28*Q28 -> 0 | S28: =F28+I28+L28+O28+R28 -> 0
B29: AGÊNCIA DA PREVIDÊNCIA SOCIAL ITAQUAQUECETUBA | C29: 0.05 | D29: 3 | E29: =VLOOKUP($C29,'Memória de Cálculo 3'!$B$2:$E$11,2, ) -> 0 | F29: =D29*E29 -> 0 | G29: 0 | H29: =VLOOKUP($C29,'Memória de Cálculo 3'!$B$2:$E$11,3, ) -> 0 | I29: =G29*H29 -> 0 | J29: 0 | K29: =VLOOKUP($C29,'Memória de Cálculo 3'!$B$2:$E$11,4, ) -> 0 | L29: =J29*K29 -> 0 | M29: 4 | N29: =VLOOKUP($C29,'Memória de Cálculo 3'!$B$2:$G$11,5, ) -> 0 | O29: =M29*N29 -> 0 | Q29: =VLOOKUP($C29,'Memória de Cálculo 3'!$B$2:$G$11,6, ) -> 0 | R29: =P29*Q29 -> 0 | S29: =F29+I29+L29+O29+R29 -> 0
B30: AGÊNCIA DA PREVIDÊNCIA SOCIAL MOGI DAS CRUZES | C30: 0.03 | D30: 6 | E30: =VLOOKUP($C30,'Memória de Cálculo 3'!$B$2:$E$11,2, ) -> 0 | F30: =D30*E30 -> 0 | G30: 1 | H30: =VLOOKUP($C30,'Memória de Cálculo 3'!$B$2:$E$11,3, ) -> 0 | I30: =G30*H30 -> 0 | J30: 0 | K30: =VLOOKUP($C30,'Memória de Cálculo 3'!$B$2:$E$11,4, ) -> 0 | L30: =J30*K30 -> 0 | M30: 4 | N30: =VLOOKUP($C30,'Memória de Cálculo 3'!$B$2:$G$11,5, ) -> 0 | O30: =M30*N30 -> 0 | Q30: =VLOOKUP($C30,'Memória de Cálculo 3'!$B$2:$G$11,6, ) -> 0 | R30: =P30*Q30 -> 0 | S30: =F30+I30+L30+O30+R30 -> 0
B31: AGÊNCIA DA PREVIDÊNCIA SOCIAL SUZANO | C31: 0.04 | D31: 2 | E31: =VLOOKUP($C31,'Memória de Cálculo 3'!$B$2:$E$11,2, ) -> 0 | F31: =D31*E31 -> 0 | G31: 1 | H31: =VLOOKUP($C31,'Memória de Cálculo 3'!$B$2:$E$11,3, ) -> 0 | I31: =G31*H31 -> 0 | J31: 0 | K31: =VLOOKUP($C31,'Memória de Cálculo 3'!$B$2:$E$11,4, ) -> 0 | L31: =J31*K31 -> 0 | M31: 4 | N31: =VLOOKUP($C31,'Memória de Cálculo 3'!$B$2:$G$11,5, ) -> 0 | O31: =M31*N31 -> 0 | Q31: =VLOOKUP($C31,'Memória de Cálculo 3'!$B$2:$G$11,6, ) -> 0 | R31: =P31*Q31 -> 0 | S31: =F31+I31+L31+O31+R31 -> 0
B32: ARQUIVO | C32: 0.05 | D32: 1 | E32: =VLOOKUP($C32,'Memória de Cálculo 3'!$B$2:$E$11,2, ) -> 0 | F32: =D32*E32 -> 0 | G32: 0 | H32: =VLOOKUP($C32,'Memória de Cálculo 3'!$B$2:$E$11,3, ) -> 0 | I32: =G32*H32 -> 0 | J32: 0 | K32: =VLOOKUP($C32,'Memória de Cálculo 3'!$B$2:$E$11,4, ) -> 0 | L32: =J32*K32 -> 0 | M32: 0 | N32: =VLOOKUP($C32,'Memória de Cálculo 3'!$B$2:$G$11,5, ) -> 0 | O32: =M32*N32 -> 0 | Q32: =VLOOKUP($C32,'Memória de Cálculo 3'!$B$2:$G$11,6, ) -> 0 | R32: =P32*Q32 -> 0 | S32: =F32+I32+L32+O32+R32 -> 0
B33: GERÊNCIA EXECUTIVA GUARULHOS | C33: 0.05 | D33: 1 | E33: =VLOOKUP($C33,'Memória de Cálculo 3'!$B$2:$E$11,2, ) -> 0 | F33: =D33*E33 -> 0 | G33: 1 | H33: =VLOOKUP($C33,'Memória de Cálculo 3'!$B$2:$E$11,3, ) -> 0 | I33: =G33*H33 -> 0 | J33: 0 | K33: =VLOOKUP($C33,'Memória de Cálculo 3'!$B$2:$E$11,4, ) -> 0 | L33: =J33*K33 -> 0 | M33: 9 | N33: =VLOOKUP($C33,'Memória de Cálculo 3'!$B$2:$G$11,5, ) -> 0 | O33: =M33*N33 -> 0 | P33: 7 | Q33: =VLOOKUP($C33,'Memória de Cálculo 3'!$B$2:$G$11,6, ) -> 0 | R33: =P33*Q33 -> 0 | S33: =F33+I33+L33+O33+R33 -> 0
B34: VALOR GLOBAL MENSAL | D34: =SUM(D26:D33) -> 21 | F34: =SUM(F26:F33) -> 0 | G34: =SUM(G26:G33) -> 4 | I34: =SUM(I26:I33) -> 0 | J34: =SUM(J26:J33) -> 0 | L34: =SUM(L26:L33) -> 0 | M34: =SUM(M26:M33) -> 33 | O34: =SUM(O26:O33) -> 0 | P34: =SUM(P26:P33) -> 7 | R34: =SUM(R26:R33) -> 0 | S34: =SUM(S26:S33) -> 0
B35: VALOR GLOBAL | S35: =S34*36 -> 0
B37: GERÊNCIA EXECUTIVA VALE DO PARAÍBA
B38: UNIDADES | C38: ISS% | D38: 44 HORAS | G38: 12 x 36 DIURNO | J38: 12 x 36 NOTURNO | M38: HORA EVENTUAL DIURNA | P38: HORA EVENTUAL NOTURNA | S38: VALOR MENSAL
D39: QUANT. | E39: VALOR UNIT. MENSAL | F39: VALOR MENSAL | G39: QUANT. | H39: VALOR UNIT. MENSAL | I39: VALOR MENSAL | J39: QUANT. | K39: VALOR UNIT. MENSAL | L39: VALOR MENSAL | M39: QUANT. | N39: VALOR DA HORA | O39: VALOR MENSAL | P39: QUANT. | Q39: VALOR DA HORA | R39: VALOR MENSAL
B40: AGÊNCIA DA PREVIDÊNCIA SOCIAL CAÇAPAVA | C40: 0.03 | D40: 2 | E40: =VLOOKUP($C40,'Memória de Cálculo 3'!$B$2:$E$11,2, ) -> 0 | F40: =D40*E40 -> 0 | G40: 0 | H40: =VLOOKUP($C40,'Memória de Cálculo 3'!$B$2:$E$11,3, ) -> 0 | I40: =G40*H40 -> 0 | J40: 0 | K40: =VLOOKUP($C40,'Memória de Cálculo 3'!$B$2:$E$11,4, ) -> 0 | L40: =J40*K40 -> 0 | M40: 4 | N40: =VLOOKUP($C40,'Memória de Cálculo 3'!$B$2:$G$11,5, ) -> 0 | O40: =M40*N40 -> 0 | Q40: =VLOOKUP($C40,'Memória de Cálculo 3'!$B$2:$G$11,6, ) -> 0 | R40: =P40*Q40 -> 0 | S40: =F40+I40+L40+O40+R40 -> 0
B41: AGÊNCIA DA PREVIDÊNCIA SOCIAL CACHOEIRA PAULISTA | C41: 0.05 | D41: 2 | E41: =VLOOKUP($C41,'Memória de Cálculo 3'!$B$2:$E$11,2, ) -> 0 | F41: =D41*E41 -> 0 | G41: 0 | H41: =VLOOKUP($C41,'Memória de Cálculo 3'!$B$2:$E$11,3, ) -> 0 | I41: =G41*H41 -> 0 | J41: 0 | K41: =VLOOKUP($C41,'Memória de Cálculo 3'!$B$2:$E$11,4, ) -> 0 | L41: =J41*K41 -> 0 | M41: 4 | N41: =VLOOKUP($C41,'Memória de Cálculo 3'!$B$2:$G$11,5, ) -> 0 | O41: =M41*N41 -> 0 | Q41: =VLOOKUP($C41,'Memória de Cálculo 3'!$B$2:$G$11,6, ) -> 0 | R41: =P41*Q41 -> 0 | S41: =F41+I41+L41+O41+R41 -> 0
B42: AGÊNCIA DA PREVIDÊNCIA SOCIAL CAMPOS DO JORDÃO | C42: 0.05 | D42: 2 | E42: =VLOOKUP($C42,'Memória de Cálculo 3'!$B$2:$E$11,2, ) -> 0 | F42: =D42*E42 -> 0 | G42: 0 | H42: =VLOOKUP($C42,'Memória de Cálculo 3'!$B$2:$E$11,3, ) -> 0 | I42: =G42*H42 -> 0 | J42: 0 | K42: =VLOOKUP($C42,'Memória de Cálculo 3'!$B$2:$E$11,4, ) -> 0 | L42: =J42*K42 -> 0 | M42: 4 | N42: =VLOOKUP($C42,'Memória de Cálculo 3'!$B$2:$G$11,5, ) -> 0 | O42: =M42*N42 -> 0 | Q42: =VLOOKUP($C42,'Memória de Cálculo 3'!$B$2:$G$11,6, ) -> 0 | R42: =P42*Q42 -> 0 | S42: =F42+I42+L42+O42+R42 -> 0
B43: AGÊNCIA DA PREVIDÊNCIA SOCIAL CARAGUATATUBA | C43: 0.02 | D43: 3 | E43: =VLOOKUP($C43,'Memória de Cálculo 3'!$B$2:$E$11,2, ) -> 0 | F43: =D43*E43 -> 0 | G43: 0 | H43: =VLOOKUP($C43,'Memória de Cálculo 3'!$B$2:$E$11,3, ) -> 0 | I43: =G43*H43 -> 0 | J43: 0 | K43: =VLOOKUP($C43,'Memória de Cálculo 3'!$B$2:$E$11,4, ) -> 0 | L43: =J43*K43 -> 0 | M43: 4 | N43: =VLOOKUP($C43,'Memória de Cálculo 3'!$B$2:$G$11,5, ) -> 0 | O43: =M43*N43 -> 0 | Q43: =VLOOKUP($C43,'Memória de Cálculo 3'!$B$2:$G$11,6, ) -> 0 | R43: =P43*Q43 -> 0 | S43: =F43+I43+L43+O43+R43 -> 0
B44: AGÊNCIA DA PREVIDÊNCIA SOCIAL CRUZEIRO | C44: 0.03 | D44: 2 | E44: =VLOOKUP($C44,'Memória de Cálculo 3'!$B$2:$E$11,2, ) -> 0 | F44: =D44*E44 -> 0 | G44: 0 | H44: =VLOOKUP($C44,'Memória de Cálculo 3'!$B$2:$E$11,3, ) -> 0 | I44: =G44*H44 -> 0 | J44: 1 | K44: =VLOOKUP($C44,'Memória de Cálculo 3'!$B$2:$E$11,4, ) -> 0 | L44: =J44*K44 -> 0 | M44: 4 | N44: =VLOOKUP($C44,'Memória de Cálculo 3'!$B$2:$G$11,5, ) -> 0 | O44: =M44*N44 -> 0 | Q44: =VLOOKUP($C44,'Memória de Cálculo 3'!$B$2:$G$11,6, ) -> 0 | R44: =P44*Q44 -> 0 | S44: =F44+I44+L44+O44+R44 -> 0
B45: AGÊNCIA DA PREVIDÊNCIA SOCIAL CUNHA | C45: 0.03 | D45: 2 | E45: =VLOOKUP($C45,'Memória de Cálculo 3'!$B$2:$E$11,2, ) -> 0 | F45: =D45*E45 -> 0 | G45: 0 | H45: =VLOOKUP($C45,'Memória de Cálculo 3'!$B$2:$E$11,3, ) -> 0 | I45: =G45*H45 -> 0 | J45: 0 | K45: =VLOOKUP($C45,'Memória de Cálculo 3'!$B$2:$E$11,4, ) -> 0 | L45: =J45*K45 -> 0 | M45: 4 | N45: =VLOOKUP($C45,'Memória de Cálculo 3'!$B$2:$G$11,5, ) -> 0 | O45: =M45*N45 -> 0 | Q45: =VLOOKUP($C45,'Memória de Cálculo 3'!$B$2:$G$11,6, ) -> 0 | R45: =P45*Q45 -> 0 | S45: =F45+I45+L45+O45+R45 -> 0
B46: AGÊNCIA DA PREVIDÊNCIA SOCIAL GUARAREMA | C46: 0.05 | D46: 1 | E46: =VLOOKUP($C46,'Memória de Cálculo 3'!$B$2:$E$11,2, ) -> 0 | F46: =D46*E46 -> 0 | G46: 0 | H46: =VLOOKUP($C46,'Memória de Cálculo 3'!$B$2:$E$11,3, ) -> 0 | I46: =G46*H46 -> 0 | J46: 0 | K46: =VLOOKUP($C46,'Memória de Cálculo 3'!$B$2:$E$11,4, ) -> 0 | L46: =J46*K46 -> 0 | M46: 4 | N46: =VLOOKUP($C46,'Memória de Cálculo 3'!$B$2:$G$11,5, ) -> 0 | O46: =M46*N46 -> 0 | Q46: =VLOOKUP($C46,'Memória de Cálculo 3'!$B$2:$G$11,6, ) -> 0 | R46: =P46*Q46 -> 0 | S46: =F46+I46+L46+O46+R46 -> 0
B47: AGÊNCIA DA PREVIDÊNCIA SOCIAL GUARATINGUETÁ | C47: 0.03 | D47: 4 | E47: =VLOOKUP($C47,'Memória de Cálculo 3'!$B$2:$E$11,2, ) -> 0 | F47: =D47*E47 -> 0 | G47: 0 | H47: =VLOOKUP($C47,'Memória de Cálculo 3'!$B$2:$E$11,3, ) -> 0 | I47: =G47*H47 -> 0 | J47: 0 | K47: =VLOOKUP($C47,'Memória de Cálculo 3'!$B$2:$E$11,4, ) -> 0 | L47: =J47*K47 -> 0 | M47: 4 | N47: =VLOOKUP($C47,'Memória de Cálculo 3'!$B$2:$G$11,5, ) -> 0 | O47: =M47*N47 -> 0 | Q47: =VLOOKUP($C47,'Memória de Cálculo 3'!$B$2:$G$11,6, ) -> 0 | R47: =P47*Q47 -> 0 | S47: =F47+I47+L47+O47+R47 -> 0
B48: AGÊNCIA DA PREVIDÊNCIA SOCIAL JACAREÍ | C48: 0.03 | D48: 3 | E48: =VLOOKUP($C48,'Memória de Cálculo 3'!$B$2:$E$11,2, ) -> 0 | F48: =D48*E48 -> 0 | G48: 0 | H48: =VLOOKUP($C48,'Memória de Cálculo 3'!$B$2:$E$11,3, ) -> 0 | I48: =G48*H48 -> 0 | J48: 0 | K48: =VLOOKUP($C48,'Memória de Cálculo 3'!$B$2:$E$11,4, ) -> 0 | L48: =J48*K48 -> 0 | M48: 4 | N48: =VLOOKUP($C48,'Memória de Cálculo 3'!$B$2:$G$11,5, ) -> 0 | O48: =M48*N48 -> 0 | Q48: =VLOOKUP($C48,'Memória de Cálculo 3'!$B$2:$G$11,6, ) -> 0 | R48: =P48*Q48 -> 0 | S48: =F48+I48+L48+O48+R48 -> 0
B49: AGÊNCIA DA PREVIDÊNCIA SOCIAL LORENA | C49: 0.03 | D49: 2 | E49: =VLOOKUP($C49,'Memória de Cálculo 3'!$B$2:$E$11,2, ) -> 0 | F49: =D49*E49 -> 0 | G49: 0 | H49: =VLOOKUP($C49,'Memória de Cálculo 3'!$B$2:$E$11,3, ) -> 0 | I49: =G49*H49 -> 0 | J49: 0 | K49: =VLOOKUP($C49,'Memória de Cálculo 3'!$B$2:$E$11,4, ) -> 0 | L49: =J49*K49 -> 0 | M49: 4 | N49: =VLOOKUP($C49,'Memória de Cálculo 3'!$B$2:$G$11,5, ) -> 0 | O49: =M49*N49 -> 0 | Q49: =VLOOKUP($C49,'Memória de Cálculo 3'!$B$2:$G$11,6, ) -> 0 | R49: =P49*Q49 -> 0 | S49: =F49+I49+L49+O49+R49 -> 0
B50: AGÊNCIA DA PREVIDÊNCIA SOCIAL PINDAMONHANGABA | C50: 0.05 | D50: 3 | E50: =VLOOKUP($C50,'Memória de Cálculo 3'!$B$2:$E$11,2, ) -> 0 | F50: =D50*E50 -> 0 | G50: 0 | H50: =VLOOKUP($C50,'Memória de Cálculo 3'!$B$2:$E$11,3, ) -> 0 | I50: =G50*H50 -> 0 | J50: 1 | K50: =VLOOKUP($C50,'Memória de Cálculo 3'!$B$2:$E$11,4, ) -> 0 | L50: =J50*K50 -> 0 | M50: 4 | N50: =VLOOKUP($C50,'Memória de Cálculo 3'!$B$2:$G$11,5, ) -> 0 | O50: =M50*N50 -> 0 | Q50: =VLOOKUP($C50,'Memória de Cálculo 3'!$B$2:$G$11,6, ) -> 0 | R50: =P50*Q50 -> 0 | S50: =F50+I50+L50+O50+R50 -> 0
B51: AGÊNCIA DA PREVIDÊNCIA SOCIAL SANTA ISABEL | C51: 0.02 | D51: 1 | E51: =VLOOKUP($C51,'Memória de Cálculo 3'!$B$2:$E$11,2, ) -> 0 | F51: =D51*E51 -> 0 | G51: 0 | H51: =VLOOKUP($C51,'Memória de Cálculo 3'!$B$2:$E$11,3, ) -> 0 | I51: =G51*H51 -> 0 | J51: 0 | K51: =VLOOKUP($C51,'Memória de Cálculo 3'!$B$2:$E$11,4, ) -> 0 | L51: =J51*K51 -> 0 | M51: 4 | N51: =VLOOKUP($C51,'Memória de Cálculo 3'!$B$2:$G$11,5, ) -> 0 | O51: =M51*N51 -> 0 | Q51: =VLOOKUP($C51,'Memória de Cálculo 3'!$B$2:$G$11,6, ) -> 0 | R51: =P51*Q51 -> 0 | S51: =F51+I51+L51+O51+R51 -> 0
... B55: AGÊNCIA DA PREVIDÊNCIA SOCIAL UBATUBA | C55: 0.03 | D55: 2 | E55: =VLOOKUP($C55,'Memória de Cálculo 3'!$B$2:$E$11,2, ) -> 0 | F55: =D55*E55 -> 0 | G55: 0 | H55: =VLOOKUP($C55,'Memória de Cálculo 3'!$B$2:$E$11,3, ) -> 0 | I55: =G55*H55 -> 0 | J55: 0 | K55: =VLOOKUP($C55,'Memória de Cálculo 3'!$B$2:$E$11,4, ) -> 0 | L55: =J55*K55 -> 0 | M55: 4 | N55: =VLOOKUP($C55,'Memória de Cálculo 3'!$B$2:$G$11,5, ) -> 0 | O55: =M55*N55 -> 0 | Q55: =VLOOKUP($C55,'Memória de Cálculo 3'!$B$2:$G$11,6, ) -> 0 | R55: =P55*Q55 -> 0 | S55: =F55+I55+L55+O55+R55 -> 0
B56: GERÊNCIA EXECUTIVA VALE DO PARAÍBA | C56: 0.02 | D56: 0 | E56: =VLOOKUP($C56,'Memória de Cálculo 3'!$B$2:$E$11,2, ) -> 0 | F56: =D56*E56 -> 0 | G56: 1 | H56: =VLOOKUP($C56,'Memória de Cálculo 3'!$B$2:$E$11,3, ) -> 0 | I56: =G56*H56 -> 0 | J56: 0 | K56: =VLOOKUP($C56,'Memória de Cálculo 3'!$B$2:$E$11,4, ) -> 0 | L56: =J56*K56 -> 0 | M56: 9 | N56: =VLOOKUP($C56,'Memória de Cálculo 3'!$B$2:$G$11,5, ) -> 0 | O56: =M56*N56 -> 0 | P56: 7 | Q56: =VLOOKUP($C56,'Memória de Cálculo 3'!$B$2:$G$11,6, ) -> 0 | R56: =P56*Q56 -> 0 | S56: =F56+I56+L56+O56+R56 -> 0
B57: VALOR GLOBAL MENSAL | D57: =SUM(D40:D56) -> 41 | F57: =SUM(F40:F56) -> 0 | G57: =SUM(G40:G56) -> 2 | I57: =SUM(I40:I56) -> 0 | J57: =SUM(J40:J56) -> 2 | L57: =SUM(L40:L56) -> 0 | M57: =SUM(M40:M56) -> 73 | O57: =SUM(O40:O56) -> 0 | P57: =SUM(P40:P56) -> 7 | R57: =SUM(R40:R56) -> 0 | S57: =SUM(S40:S56) -> 0
B58: VALOR GLOBAL | S58: =S57*36 -> 0

Sheet Planilha de Custos
A1: PLANILHA ESTIMATIVA
A2: Planilha Estimativa de Custos e Formação de Preços para Serviços de Vigilância
B4: Salário Normativo da Categoria:
B5: Data base da Categoria:
B6: Convenção Coletiva:
B7: CBO/MTE:
A9: CUSTOS | B9: Percentuais e Valores de Referência | C9: 44 horas semanais diurnas | D9: 12 x 36 diurnas | E9: 12 x 36 noturnas
A10: MÓDULO 1: COMPOSIÇÃO DA REMUNERAÇÃO
A11: 1 - Composição da Remuneração | B11: Valores/Percentuais | C11: Valor (R$) | D11: Valor (R$) | E11: Valor (R$)
A12: A - Salário-Base | B12: =C4 -> 0 | C12: =$B12 -> 0 | D12: =$B12*2 -> 0 | E12: =$B12*2 -> 0
A13: B - Adicional de Periculosidade | B13: 0.3 | C13: =C12*$B13 -> 0 | D13: =D12*$B13 -> 0 | E13: =E12*$B13 -> 0
A14: C - Adicional de Insalubridade
A15: D - Adicional Noturno | B15: 0.2 | E15: =(E12+E13)/220*(7*15)*B15 -> 0
A16: E - Adicional de Hora Noturna Reduzida | E16: =((E12+E13)/2/220)*(1+B15)*15*2 -> 0
A17: F - Adicional de Hora-Extra
A18: G - Outros (especificar)
A19: Total | C19: =SUM(C12:C18) -> 0 | D19: =SUM(D12:D18) -> 0 | E19: =SUM(E12:E18) -> 0
A21: MÓDULO 2: ENCARGOS E BENEFÍCIOS ANUAIS, MENSAIS E DIÁRIOS
A22: 2.1 - 13º Salário, Férias e Adicional de Férias | B22: Percentuais | C22: Valor (R$) | D22: Valor (R$) | E22: Valor (R$)
A23: A - 13º salário | B23: =1/12 -> 0.083333333 | C23: =C19*$B23 -> 0 | D23: =D19*$B23 -> 0 | E23: =E19*$B23 -> 0
A24: B - Férias e Adicional de Férias | B24: =(1/3)*(1/12) -> 0.027777778 | C24: =C19*$B24 -> 0 | D24: =D19*$B24 -> 0 | E24: =E19*$B24 -> 0
A25: Total | B25: =SUM(B23:B24) -> 0.11111111 | C25: =SUM(C23:C24) -> 0 | D25: =SUM(D23:D24) -> 0 | E25: =SUM(E23:E24) -> 0
A26: 2.2 - GPS, FGTS e outras contribuições (Incide sobre os Módulos 1 e 2.1) | B26: Percentuais | C26: Valor (R$) | D26: Valor (R$) | E26: Valor (R$)
A27: A - INSS | B27: 0.2 | C27: =(C$19+C$25)*$B27 -> 0 | D27: =(D$19+D$25)*$B27 -> 0 | E27: =(E$19+E$25)*$B27 -> 0
A28: B - Salário Educação | B28: 0.025 | C28: =(C$19+C$25)*$B28 -> 0 | D28: =(D$19+D$25)*$B28 -> 0 | E28: =(E$19+E$25)*$B28 -> 0
A29: C - SAT | B29: 0 | C29: =(C$19+C$25)*$B29 -> 0 | D29: =(D$19+D$25)*$B29 -> 0 | E29: =(E$19+E$25)*$B29 -> 0
A30: D - SESI ou SESC | B30: 0.015 | C30: =(C$19+C$25)*$B30 -> 0 | D30: =(D$19+D$25)*$B30 -> 0 | E30: =(E$19+E$25)*$B30 -> 0
A31: E - SENAI ou SENAC | B31: 0.01 | C31: =(C$19+C$25)*$B31 -> 0 | D31: =(D$19+D$25)*$B31 -> 0 | E31: =(E$19+E$25)*$B31 -> 0
A32: F - SEBRAE | B32: 0.006 | C32: =(C$19+C$25)*$B32 -> 0 | D32: =(D$19+D$25)*$B32 -> 0 | E32: =(E$19+E$25)*$B32 -> 0
A33: G - INCRA | B33: 0.002 | C33: =(C$19+C$25)*$B33 -> 0 | D33: =(D$19+D$25)*$B33 -> 0 | E33: =(E$19+E$25)*$B33 -> 0
A34: H - FGTS | B34: 0.08 | C34: =(C$19+C$25)*$B34 -> 0 | D34: =(D$19+D$25)*$B34 -> 0 | E34: =(E$19+E$25)*$B34 -> 0
A35: Total | B35: =SUM(B27:B34) -> 0.338 | C35: =SUM(C27:C34) -> 0 | D35: =SUM(D27:D34) -> 0 | E35: =SUM(E27:E34) -> 0
A36: 2.3 - Benefícios Mensais e Diários | C36: Valor (R$) | D36: Valor (R$) | E36: Valor (R$)
A37: A - Transporte | B37: =' Memória de Cálculo 1'!E7 -> 0 | C37: =' Memória de Cálculo 1'!$F$14 -> 0 | D37: =' Memória de Cálculo 1'!$F$10 -> 0 | E37: =' Memória de Cálculo 1'!$F$10 -> 0
A38: B - Auxílio-Refeição/Alimentação | B38: =' Memória de Cálculo 1'!D17 -> 0 | C38: =' Memória de Cálculo 1'!$F$22 -> 0 | D38: =' Memória de Cálculo 1'!$F$18 -> 0 | E38: =' Memória de Cálculo 1'!$F$18 -> 0
A39: C - Assistência Médica e Familiar ou Cesta Básica Suplementar | B39: 0 | C39: =$B39-($B39*5%) -> 0 | D39: =($B39-($B39*5%))*2 -> 0 | E39: =($B39-($B39*5%))*2 -> 0
A40: D – Auxílio Funeral | B40: =' Memória de Cálculo 1'!D54 -> 0 | C40: =$B40 -> 0 | D40: =$B40*2 -> 0 | E40: =$B40*2 -> 0
A41: E – Seguro de Vida | B41: =' Memória de Cálculo 1'!D29 -> 0 | C41: =$B41 -> 0 | D41: =$B41*2 -> 0 | E41: =$B41*2 -> 0
A42: F – Reembolso-creche | B42: =' Memória de Cálculo 1'!D60 -> 0 | C42: =$B42 -> 0 | D42: =$B42*2 -> 0 | E42: =$B42*2 -> 0
A43: G – Outros | B43: 0 | C43: =$B43 -> 0 | D43: =$B43*2 -> 0 | E43: =$B43*2 -> 0
A44: Total | C44: =SUM(C37:C43) -> 0 | D44: =SUM(D37:D43) -> 0 | E44: =SUM(E37:E43) -> 0
A45: 2 - Encargos e Benefícios Anuais, Mensais e Diários | C45: Valor (R$) | D45: Valor (R$) | E45: Valor (R$)
A46: 2.1 - 13º Salário, Férias e Adicional de Férias | C46: =C25 -> 0 | D46: =D25 -> 0 | E46: =E25 -> 0
A47: 2.2 - GPS, FGTS e outras contribuições | C47: =C35 -> 0 | D47: =D35 -> 0 | E47: =E35 -> 0
A48: 2.3 - Benefícios Mensais e Diários | C48: =C44 -> 0 | D48: =D44 -> 0 | E48: =E44 -> 0
A49: Total | C49: =SUM(C46:C48) -> 0 | D49: =SUM(D46:D48) -> 0 | E49: =SUM(E46:E48) -> 0
A51: MÓDULO 3: PROVISÃO PARA RESCISÃO
A52: 3 - Provisão para Rescisão | C52: Valor (R$) | D52: Valor (R$) | E52: Valor (R$)
A53: A - Aviso Prévio Indenizado | B53: =1/12*5% -> 0.0041666667 | C53: =C$19*$B53 -> 0 | D53: =D$19*$B53 -> 0 | E53: =E$19*$B53 -> 0
A54: B - Incidência do FGTS sobre Aviso Prévio Indenizado | B54: =B34*B53 -> 0.00033333333 | C54: =C$19*$B54 -> 0 | D54: =D$19*$B54 -> 0 | E54: =E$19*$B54 -> 0
A55: C - Multa do FGTS e Contribuições Sociais sobre o Aviso Prévio Indenizado | B55: 0 | C55: =C$19*$B55 -> 0 | D55: =D$19*$B55 -> 0 | E55: =E$19*$B55 -> 0
A56: D - Aviso Prévio Trabalhado | B56: =1/30*7/12 -> 0.019444444 | C56: =C$19*$B56 -> 0 | D56: =D$19*$B56 -> 0 | E56: =E$19*$B56 -> 0
A57: E - Incidência do GPS, FGTS e outras contribuições sobre o Aviso PrévioTrabalhado | B57: =B56*B35 -> 0.0065722222 | C57: =C$19*$B57 -> 0 | D57: =D$19*$B57 -> 0 | E57: =E$19*$B57 -> 0
A58: F - Multa do FGTS e contribuição social nas rescisões sem justa causa | B58: =B34*40%*90%*(1+1/12+1/12+1/3*1/12) -> 0.0344 | C58: =C$19*$B58 -> 0 | D58: =D$19*$B58 -> 0 | E58: =E$19*$B58 -> 0
A59: Total | B59: =SUM(B53:B58) -> 0.064916667 | C59: =SUM(C53:C58) -> 0 | D59: =SUM(D53:D58) -> 0 | E59: =SUM(E53:E58) -> 0
A61: MÓDULO 4: CUSTO DE REPOSIÇÃO DO PROFISSIONAL AUSENTE
A62: 4.1 - Substituto nas Ausências Legais | C62: Valor (R$) | D62: Valor (R$) | E62: Valor (R$)
A63: A - Substituto na cobertura de Férias | B63: =1/12 -> 0.083333333 | C63: =(C$19+C$49+C$59-C$37-C$38-C$42)*$B63 -> 0 | D63: =(D$19+D$49+D$59-D$37-D$38-D$42)*$B63 -> 0 | E63: =(E$19+E$49+E$59-E$37-E$38-E$42)*$B63 -> 0
A64: B - Substituto na cobertura de Ausências Legais | B64: =(' Memória de Cálculo 1'!D33/30/12) -> 0.0082222222 | C64: =(C$19+C$49+C$59-C$37-C$38-C$42)*$B64 -> 0 | D64: =(D$19+D$49+D$59-D$37-D$38-D$42)*$B64 -> 0 | E64: =(E$19+E$49+E$59-E$37-E$38-E$42)*$B64 -> 0
A65: C - Substituto na cobertura de Licença-Paternidade | B65: =(' Memória de Cálculo 1'!E39/30/12)*' Memória de Cálculo 1'!E38*' Memória de Cálculo 1'!E37 -> 0.00057298883 | C65: =(C$19+C$49+C$59-C$37-C$38-C$42)*$B65 -> 0 | D65: =(D$19+D$49+D$59-D$37-D$38-D$42)*$B65 -> 0 | E65: =(E$19+E$49+E$59-E$37-E$38-E$42)*$B65 -> 0
A66: D - Substituto na cobertura de Ausências por Acidente de Trabalho | B66: =' Memória de Cálculo 1'!E43*(15/30/12) -> 0.0027125 | C66: =(C$19+C$49+C$59-C$37-C$38-C$42)*$B66 -> 0 | D66: =(D$19+D$49+D$59-D$37-D$38-D$42)*$B66 -> 0 | E66: =(E$19+E$49+E$59-E$37-E$38-E$42)*$B66 -> 0
A67: E - Substituto na cobertura de Afastamento Maternidade | B67: =((180/30)/12)*' Memória de Cálculo 1'!E37*' Memória de Cálculo 1'!E47*B34 -> 0.00010384804 | C67: =(C$19+C$49+C$59-C$37-C$38-C$42)*$B67 -> 0 | D67: =(D$19+D$49+D$59-D$37-D$38-D$42)*$B67 -> 0 | E67: =(E$19+E$49+E$59-E$37-E$38-E$42)*$B67 -> 0
A68: F - Outros
A69: Total | B69: =SUM(B63:B68) -> 0.094944892 | C69: =SUM(C63:C68) -> 0 | D69: =SUM(D63:D68) -> 0 | E69: =SUM(E63:E68) -> 0
A70: 4.2 - Substituto na Intrajornada | C70: Valor (R$) | D70: Valor (R$) | E70: Valor (R$)
A71: A - Substituto na Cobertura de Intervalo para Repouso ou Alimentação | B71: 0
A72: Total | B72: =SUM(B71) -> 0 | C72: =SUM(C71) -> 0 | D72: =SUM(D71) -> 0 | E72: =SUM(E71) -> 0
A73: 4.3 - Intrajornada Indenizada | C73: Valor (R$) | D73: Valor (R$) | E73: Valor (R$)
A74: A - Intrajornada Indenizada | B74: 0 | C74: 0 | D74: =((D12+D13)/2/220)*15*1.6*2 -> 0 | E74: =((E12+E13)/2/220)*15*1.6*2 -> 0
A75: Total | B75: =SUM(B74) -> 0 | C75: =SUM(C74) -> 0 | D75: =SUM(D74) -> 0 | E75: =SUM(E74) -> 0
A76: 4 - Custo de Reposição do Profissional Ausente | C76: Valor (R$) | D76: Valor (R$) | E76: Valor (R$)
A77: 4.1 - Substituto nas Ausências Legais | B77: =B69 -> 0.094944892 | C77: =C69 -> 0 | D77: =D69 -> 0 | E77: =E69 -> 0
A78: 4.2 - Substituto na Intrajornada | B78: =B71 -> 0 | C78: =C72 -> 0 | D78: =D72 -> 0 | E78: =E72 -> 0
A79: 4.3 - Intrajornada Indenizada | B79: =B75 -> 0 | C79: =C75 -> 0 | D79: =D75 -> 0 | E79: =E75 -> 0
A80: Total | B80: =SUM(B77:B79) -> 0.094944892 | C80: =SUM(C77:C79) -> 0 | D80: =SUM(D77:D79) -> 0 | E80: =SUM(E77:E79) -> 0
A82: MÓDULO 5: INSUMOS DIVERSOS
A83: 5 - Insumos Diversos | C83: Valor (R$) | D83: Valor (R$) | E83: Valor (R$)
A84: A - Uniformes | C84: ='Memória de Cálculo 2 (Insumos)'!G16 -> 0 | D84: ='Memória de Cálculo 2 (Insumos)'!G16*2 -> 0 | E84: ='Memória de Cálculo 2 (Insumos)'!G16*2 -> 0
A85: B - Materiais
A86: C - Equipamentos | C86: ='Memória de Cálculo 2 (Insumos)'!F24 -> 0 | D86: ='Memória de Cálculo 2 (Insumos)'!F24 -> 0 | E86: ='Memória de Cálculo 2 (Insumos)'!F26 -> 0
A87: D - Outros (especificar) | C87: 0 | D87: 0 | E87: 0
A88: Total | C88: =SUM(C84:C87) -> 0 | D88: =SUM(D84:D87) -> 0 | E88: =SUM(E84:E87) -> 0
A90: MÓDULO 6: CUSTOS INDIRETOS, TRIBUTOS E LUCRO
A91: 6 - Custos Indiretos, Tributos e Lucro | C91: Valor (R$) | D91: Valor (R$) | E91: Valor (R$)
A92: A - Custos Indiretos | B92: 0 | C92: =(C19+C49+C59+C80+C88)*$B92 -> 0 | D92: =(D19+D49+D59+D80+D88)*$B92 -> 0 | E92: =(E19+E49+E59+E80+E88)*$B92 -> 0
A93: B - Lucro | B93: 0 | C93: =(C19+C49+C59+C80+C88+C92)*$B93 -> 0 | D93: =(D19+D49+D59+D80+D88+D92)*$B93 -> 0 | E93: =(E19+E49+E59+E80+E88+E92)*$B93 -> 0
A94: C – Tributos (ISS 2,00 %) | B94: =SUM(B95:B98) -> 0.0565 | C94: =SUM(C95:C98) -> 0 | D94: =SUM(D95:D98) -> 0 | E94: =SUM(E95:E98) -> 0
A95: C.1 - Tributos Federais (PIS e COFINS) | B95: 0.0365 | C95: =((C$19+C$49+C$59+C$80+C$88+C$92+C$93)/(1-$B95-$B96-$B97))*$B95 -> 0 | D95: =((D$19+D$49+D$59+D$80+D$88+D$92+D$93)/(1-$B95-$B96-$B97))*$B95 -> 0 | E95: =((E$19+E$49+E$59+E$80+E$88+E$92+E$93)/(1-$B95-$B96-$B97))*$B95 -> 0
A96: C.2 - Tributos Estaduais (especificar) | B96: 0 | C96: =((C$19+C$49+C$59+C$80+C$88+C$92+C$93)/(1-$B95-$B96-$B97))*$B96 -> 0 | D96: =((D$19+D$49+D$59+D$80+D$88+D$92+D$93)/(1-$B95-$B96-$B97))*$B96 -> 0 | E96: =((E$19+E$49+E$59+E$80+E$88+E$92+E$93)/(1-$B95-$B96-$B97))*$B96 -> 0
A97: C.3 - Tributos Municipais (especificar) | B97: 0.02 | C97: =((C$19+C$49+C$59+C$80+C$88+C$92+C$93)/(1-$B95-$B96-$B97))*$B97 -> 0 | D97: =((D$19+D$49+D$59+D$80+D$88+D$92+D$93)/(1-$B95-$B96-$B97))*$B97 -> 0 | E97: =((E$19+E$49+E$59+E$80+E$88+E$92+E$93)/(1-$B95-$B96-$B97))*$B97 -> 0
A98: C.4 - Outros Tributos (especificar) | B98: 0
A99: C – Tributos (ISS 2,10 %) | B99: =SUM(B100:B103) -> 0.0575 | C99: =SUM(C100:C103) -> 0 | D99: =SUM(D100:D103) -> 0 | E99: =SUM(E100:E103) -> 0
A100: C.1 - Tributos Federais (PIS e COFINS) | B100: 0.0365 | C100: =((C$19+C$49+C$59+C$80+C$88+C$92+C$93)/(1-$B100-$B101-$B102))*$B100 -> 0 | D100: =((D$19+D$49+D$59+D$80+D$88+D$92+D$93)/(1-$B100-$B101-$B102))*$B100 -> 0 | E100: =((E$19+E$49+E$59+E$80+E$88+E$92+E$93)/(1-$B100-$B101-$B102))*$B100 -> 0
A101: C.2 - Tributos Estaduais (especificar) | B101: 0 | C101: =((C$19+C$49+C$59+C$80+C$88+C$92+C$93)/(1-$B100-$B101-$B102))*$B101 -> 0 | D101: =((D$19+D$49+D$59+D$80+D$88+D$92+D$93)/(1-$B100-$B101-$B102))*$B101 -> 0 | E101: =((E$19+E$49+E$59+E$80+E$88+E$92+E$93)/(1-$B100-$B101-$B102))*$B101 -> 0
A102: C.3 - Tributos Municipais (especificar) | B102: 0.021 | C102: =((C$19+C$49+C$59+C$80+C$88+C$92+C$93)/(1-$B100-$B101-$B102))*$B102 -> 0 | D102: =((D$19+D$49+D$59+D$80+D$88+D$92+D$93)/(1-$B100-$B101-$B102))*$B102 -> 0 | E102: =((E$19+E$49+E$59+E$80+E$88+E$92+E$93)/(1-$B100-$B101-$B102))*$B102 -> 0
A103: C.4 - Outros Tributos (especificar) | B103: 0
A104: C – Tributos (ISS 2,50 %) | B104: =SUM(B105:B108) -> 0.0615 | C104: =SUM(C105:C108) -> 0 | D104: =SUM(D105:D108) -> 0 | E104: =SUM(E105:E108) -> 0
A105: C.1 - Tributos Federais (PIS e COFINS) | B105: 0.0365 | C105: =((C$19+C$49+C$59+C$80+C$88+C$92+C$93)/(1-$B105-$B106-$B107))*$B105 -> 0 | D105: =((D$19+D$49+D$59+D$80+D$88+D$92+D$93)/(1-$B105-$B106-$B107))*$B105 -> 0 | E105: =((E$19+E$49+E$59+E$80+E$88+E$92+E$93)/(1-$B105-$B106-$B107))*$B105 -> 0
A106: C.2 - Tributos Estaduais (especificar) | B106: 0 | C106: =((C$19+C$49+C$59+C$80+C$88+C$92+C$93)/(1-$B105-$B106-$B107))*$B106 -> 0 | D106: =((D$19+D$49+D$59+D$80+D$88+D$92+D$93)/(1-$B105-$B106-$B107))*$B106 -> 0 | E106: =((E$19+E$49+E$59+E$80+E$88+E$92+E$93)/(1-$B105-$B106-$B107))*$B106 -> 0
A107: C.3 - Tributos Municipais (especificar) | B107: 0.025 | C107: =((C$19+C$49+C$59+C$80+C$88+C$92+C$93)/(1-$B105-$B106-$B107))*$B107 -> 0 | D107: =((D$19+D$49+D$59+D$80+D$88+D$92+D$93)/(1-$B105-$B106-$B107))*$B107 -> 0 | E107: =((E$19+E$49+E$59+E$80+E$88+E$92+E$93)/(1-$B105-$B106-$B107))*$B107 -> 0
...

Sheet  Memória de Cálculo 1
B2: Memória de Cálculo
B4: Salário base mensal Vigilante | C4: ='Planilha de Custos'!B12 -> 0
B6: VALE TRANSPORTE (12x36) | C6: BILHETES | D6: DIAS | E6: VALOR DA TARIFA | F6: VALOR MENSAL
B7: Quantidade de viagens/mês (2 bilhetes * 22 dias) | C7: 2 | D7: 15 | F7: =C7*D7*E7 -> 0
B8: Parcela do empregado (6% salário base mensal) | F8: =C4*6% -> 0
B9: Custo Mensal para 1 Vigilante (12x36) | F9: =F7-MIN(F8,F7) -> 0
B10: Custo Total Mensal para 2 Vigilantes (12x36) | F10: =F9*2 -> 0
B11: VALE TRANSPORTE (44hs) | C11: BILHETES | D11: DIAS | E11: VALOR DA TARIFA | F11: VALOR MENSAL
B12: Quantidade de viagens/mês (2 bilhetes * 22 dias) | C12: 2 | D12: 22 | E12: =E7 -> 0 | F12: =C12*D12*E12 -> 0
B13: Parcela do empregado (6% salário base mensal) | F13: =C4*6% -> 0
B14: Custo Total Mensal (44hs) | F14: =F12-MIN(F13,F12) -> 0
B16: VALE REFEIÇÃO (12x36) | C16: QTD DE TICKETS | D16: VALOR UNITÁRIO | E16: EMPREGADO (ESTIPULADO NA CCT) | F16: CUSTO TOTAL MENSAL
C17: 15 | E17: =D17*18% -> 0 | F17: =(D17-E17)*C17 -> 0
B18: Custo Total Mensal para 2 Vigilantes (12x36) | F18: =F17*2 -> 0
B20: VALE REFEIÇÃO (30 e 44 hs) | C20: QTD DE TICKETS | D20: VALOR UNITÁRIO | E20: EMPREGADO (ESTIPULADO NA CCT) | F20: CUSTO TOTAL MENSAL
C21: 22 | D21: =D17 -> 0 | E21: =D21*18% -> 0 | F21: =(D21-E21)*C21 -> 0
B22: Custo Total Mensal (44hs) | F22: =F21 -> 0
B24: Seguro de Vida (cláusula Vigésima Segunda CCT e Caderno Técnico de Vigilância, 2014)
B25: A - Salário Normativo | D25: ='Planilha de Custos'!C4 -> 0
B26: B - Adicional de Periculosidade (30%) | D26: ='Planilha de Custos'!C13 -> 0
B27: C - Base de cálculo (A + B) X 52 | D27: =(D25+D26)*52 -> 0
B28: D - Alíquota FIA (ver Caderno Técnico disponível em comprasgov) | D28: 9.5e-05
B29: E - Total mensal (por funcionário): C X D | D29: =D27*D28 -> 0
B32: Média de faltas anuais por motivos legais
B33: Média de dias de ausências legais por ano | D33: 2.96
B34: (Fonte: Caderno Técnico Planilha de Custos e Formação de Preços, 1ª Edição/2023)
B36: Licença Paternidade
B37: Taxa Bruta de Natalidade 2026 (IBGE): | E37: 0.01291
B38: Percentual de homens no serviço de vigilância: | E38: 0.7989
B39: Duração da Licença Paternidade (em dias) | E39: 20
B40: (Fonte: Painel de Informações RAIS 2025 e IBGE)
B42: Ausências por acidente de trabalho
B43: Média de faltas anuais por acidente de trabalho: | E43: 0.0651
B44: (Fonte: CADTERC Novembro 2025)
B46: Afastamento Maternidade
B47: Percentual de Mulheres: | E47: 0.2011
B48: Taxa Bruta de Natalidade 2026 (IBGE): | E48: =E37 -> 0.01291
B49: (Fonte: Painel de Informações RAIS 2025 e IBGE)
B51: Auxílio-Funeral
B52: Piso Salarial x 2 | D52: ='Planilha de Custos'!C12*2 -> 0
B53: Taxa média de incidência de ocorrência | D53: 0.00191
B54: Total mensal | D54: =(D52*D53)/12 -> 0
B55: (Fonte: CADTERC Novembro 2025)
B57: Reembolso-creche
B58: Valor mensal para o benefício de reembolso-creche a ser pago conforme Instrução Noemativa SEGES/MGI nº 147, de 13 de abril de 2026
B59: Percentual de Incidência | D59: 0.2
B60: Total mensal | D60: =(D58*D59) -> 0
B61: Nota: Reembolso-creche: a publicação da Instrução Normativa SEGES/MGI nº 147, de 13 de abril de 2026 estabeleceu novas regras para o benefício de reembolso-creche em contratos com dedicação exclusiva de mão de obra, tornando o benefício que deve ser obrigatoriamente contemplado como um custo mínimo relevante. Para o provisionamento, deve-se utilizar o valor fixo de R$ 526,64 por dependente, aplicando o percentual de incidência de 20% previsto no Anexo II ou métodos estatísticos que reflitam a realidade da força de trabalho alocada. O pagamento à contratada fica condicionado à comprovação mensal do efetivo desembolso, sendo vedada a apropriação de eventuais saldos não utilizados pela empresa.

Sheet Memória de Cálculo 2 (Insumos)
A1: Memória de Cálculo 2
A3: ESTIMATIVA DE UNIFORMES POR VIGILANTE
A4: A – Item | B4: B -Quantidade | C4: C – Periodicidade de entrega (meses) | D4: D - Vigência contratual (meses) | E4: E – Quant. Total (D/C) X B | F4: F - Valor Unitário | G4: G - Valor Total (E x F)
A5: Calça | B5: 2 | C5: 6 | D5: 36 | E5: =D5/C5*B5 -> 12 | G5: =E5*F5 -> 0
A6: Camisa de mangas curtas | B6: 2 | C6: 6 | D6: 36 | E6: =D6/C6*B6 -> 12 | G6: =E6*F6 -> 0
A7: Camisa de mangas compridas | B7: 2 | C7: 6 | D7: 36 | E7: =D7/C7*B7 -> 12 | G7: =E7*F7 -> 0
A8: Cinto | B8: 2 | C8: 6 | D8: 36 | E8: =D8/C8*B8 -> 12 | G8: =E8*F8 -> 0
A9: Par de Sapatos ou Coturnos | B9: 2 | C9: 6 | D9: 36 | E9: =D9/C9*B9 -> 12 | G9: =E9*F9 -> 0
A10: Boné ou Quepe com emblema | B10: 2 | C10: 6 | D10: 36 | E10: =D10/C10*B10 -> 12 | G10: =E10*F10 -> 0
A11: Jaqueta de frio ou japona | B11: 2 | C11: 6 | D11: 36 | E11: =D11/C11*B11 -> 12 | G11: =E11*F11 -> 0
A12: Capa de chuva | B12: 2 | C12: 6 | D12: 36 | E12: =D12/C12*B12 -> 12 | G12: =E12*F12 -> 0
A13: Crachá | B13: 1 | C13: 12 | D13: 36 | E13: =D13/C13*B13 -> 3 | G13: =E13*F13 -> 0
A14: Apito c/ cordão | B14: 1 | C14: 36 | D14: 36 | E14: =D14/C14*B14 -> 1 | G14: =E14*F14 -> 0
A15: TOTAL | G15: =SUM(G5:G14) -> 0
A16: CUSTO MENSAL ESTIMADO | E16: = total / nº de meses de vigência do contrato | G16: =G15/D5 -> 0
A18: MATERIAIS E EQUIPAMENTOS POR POSTO
A19: Item | B19: A -Quant. | C19: B - Vida útil em meses | D19: C - Valor residual | E19: D - Valor Unitário | F19: Total Mensal A X [(D-C)/B]
A20: Cassetete | B20: 1 | C20: 30 | D20: =E20*10% -> 0 | F20: =B20*((E20-D20)/C20) -> 0
A21: Porta cassetete | B21: 1 | C21: 30 | D21: =E21*10% -> 0 | F21: =B21*((E21-D21)/C21) -> 0
A22: Rádio Comunicação | B22: 1 | C22: 30 | D22: =E22*10% -> 0 | F22: =B22*((E22-D22)/C22) -> 0
A23: Livro de ocorrência | B23: 1 | C23: 12 | D23: =E23*10% -> 0 | F23: =B23*((E23-D23)/C23) -> 0
A24: CUSTO MENSAL ESTIMADO | F24: =SUM(F20:F23) -> 0
A25: Lanterna recarregável acima de 12 LEDs | B25: 1 | C25: 36 | D25: =E25*10% -> 0 | F25: =B25*((E25-D25)/C25) -> 0
A26: CUSTO MENSAL ESTIMADO PARA POSTO NOTURNO | F26: =SUM(F24:F25) -> 0

Sheet Memória de Cálculo 3
B2: ISS% | C2: 44 HORAS | D2: 12 x 36 DIURNO | E2: 12 x 36 NOTURNO | F2: HORA EVENTUAL DIURNA | G2: HORA EVENTUAL NOTURNA
C3: VALOR UNIT. MENSAL | D3: VALOR UNIT. MENSAL | E3: VALOR UNIT. MENSAL | F3: VALOR DA HORA | G3: VALOR DA HORA
B4: 0.02 | C4: ='Planilha de Custos'!C160 -> 0 | D4: ='Planilha de Custos'!D160 -> 0 | E4: ='Planilha de Custos'!E160 -> 0 | F4: ='Planilha de Custos'!C168 -> 0 | G4: ='Planilha de Custos'!E168 -> 0
B5: 0.021 | C5: ='Planilha de Custos'!C161 -> 0 | D5: ='Planilha de Custos'!D161 -> 0 | E5: ='Planilha de Custos'!E161 -> 0 | F5: ='Planilha de Custos'!C169 -> 0 | G5: ='Planilha de Custos'!E169 -> 0
B6: 0.025 | C6: ='Planilha de Custos'!C162 -> 0 | D6: ='Planilha de Custos'!D162 -> 0 | E6: ='Planilha de Custos'!E162 -> 0 | F6: ='Planilha de Custos'!C170 -> 0 | G6: ='Planilha de Custos'!E170 -> 0
B7: 0.03 | C7: ='Planilha de Custos'!C163 -> 0 | D7: ='Planilha de Custos'!D163 -> 0 | E7: ='Planilha de Custos'!E163 -> 0 | F7: ='Planilha de Custos'!C171 -> 0 | G7: ='Planilha de Custos'!E171 -> 0
B8: 0.035 | C8: ='Planilha de Custos'!C164 -> 0 | D8: ='Planilha de Custos'!D164 -> 0 | E8: ='Planilha de Custos'!E164 -> 0 | F8: ='Planilha de Custos'!C172 -> 0 | G8: ='Planilha de Custos'!E172 -> 0
B9: 0.04 | C9: ='Planilha de Custos'!C165 -> 0 | D9: ='Planilha de Custos'!D165 -> 0 | E9: ='Planilha de Custos'!E165 -> 0 | F9: ='Planilha de Custos'!C173 -> 0 | G9: ='Planilha de Custos'!E173 -> 0
B10: 0.045 | C10: ='Planilha de Custos'!C166 -> 0 | D10: ='Planilha de Custos'!D166 -> 0 | E10: ='Planilha de Custos'!E166 -> 0 | F10: ='Planilha de Custos'!C174 -> 0 | G10: ='Planilha de Custos'!E174 -> 0
B11: 0.05 | C11: ='Planilha de Custos'!C167 -> 0 | D11: ='Planilha de Custos'!D167 -> 0 | E11: ='Planilha de Custos'!E167 -> 0 | F11: ='Planilha de Custos'!C175 -> 0 | G11: ='Planilha de Custos'!E175 -> 0
